Map: Pillars of Gold LE

Players

Solar - Winner!

  • Race: Zerg Zerg
  • League: Diamond
  • Spawn Location: 7:00

MaxPax

  • Race: Protoss Protoss
  • Spawn Location: 1:00

Event: DreamHack SC2 Masters 2020 Winter

VOD

Have the link to the VOD?

Description

Time

  • Played on: Oct. 12, 2020, 9:51 p.m.
  • Length: 7:35

All games in this series

Show
View Real Time Build Order
Export as new Build Order

Solar Zerg - Winner!

Build Orders: Hatch First 

Get SALT Encoding   

  12  0:00  Drone  
  13  0:12  Overlord  
  13  0:18  Drone  
  14  0:32  Drone x2  
  16  0:50  Hatchery  
  16  0:52  Drone  
  16  0:56  Drone  
  17  1:00  Drone  
  18  1:10  Extractor  
  17  1:16  Spawning Pool  
  16  1:20  Drone  
  16  1:25  Drone  
  18  1:28  Drone  
  19  1:39  Drone  
  20  2:06  Zergling x4, Spine Crawler  
  20  2:07  Spine Crawler x2  
  19  2:14  Zergling x2  
  20  2:18  Queen  
  22  2:25  Zergling x2  
  23  2:31  Zergling x2  
  23  2:35  Zergling x4  
  24  2:46  Overlord  
  23  2:52  Drone x2  
  24  3:02  Queen  
  27  3:05  Drone  
  27  3:09  Drone  
  28  3:13  Drone  
  28  3:19  Drone x2  
  31  3:23  Drone  
  32  3:28  Overlord  
  32  3:30  Drone  
  32  3:33  Drone  
  34  3:35  Drone  
  34  3:40  Drone  
  35  3:44  Drone  
  35  3:53  Metabolic Boost  
  34  4:00  Hatchery  
  34  4:02  Drone  
  34  4:04  Drone  
  34  4:05  Drone  
  34  4:08  Drone  
  34  4:09  Zergling x2  
  38  4:11  Zergling x2  
  38  4:15  Spore Crawler  
  38  4:18  Zergling x4  
  38  4:20  Overlord  
  40  4:26  Queen  
  40  4:28  Drone  
  40  4:30  Drone  
  44  4:36  Spore Crawler  
  44  4:37  Drone  
  44  4:40  Drone x3  
  44  4:43  Overlord  
  44  4:45  Drone  
  48  4:53  Queen  
  48  4:56  Drone  
  48  4:59  Drone x2  
  51  5:04  Overlord  
  51  5:11  Queen  
  51  5:13  Drone x3  
  56  5:15  Drone  
  56  5:16  Drone  
  56  5:21  Overlord  
  58  5:24  Drone  
  58  5:26  Zergling x6  
  61  5:29  Zergling x2  
  61  5:35  Extractor  
  61  5:36  Extractor, Roach Warren  
  61  5:39  Queen  
  61  5:41  Zergling x2  
  61  5:42  Zergling x4  
  64  5:45  Overlord  
  64  5:48  Drone  
  65  5:50  Spore Crawler  
  65  5:53  Overlord  
  65  5:56  Overlord  
  64  6:00  Overlord  
  60  6:20  Roach x4  
  60  6:23  Roach x3  
  60  6:24  Roach x2  
  78  6:27  Roach  
  78  6:28  Zergling x4  
  78  6:32  Zergling x4  
  82  6:38  Zergling x8  
  84  6:41  Ravager x3  
  84  6:42  Zergling x2  
  88  6:48  Ravager  
  88  6:49  Overlord  
  88  6:51  Zergling x6  
  92  6:55  Zergling x4  
  93  7:02  Zergling x8  
  93  7:05  Overlord  
  97  7:09  Ravager x2  
  97  7:10  Zergling x4  
  97  7:11  Zergling x2  
  100  7:17  Zergling x2  
  100  7:18  Zergling x6  
  100  7:20  Ravager  
Show
View Real Time Build Order
Export as new Build Order

MaxPax Protoss 

Build Orders: Oracle Opening 

Get SALT Encoding   

  12  0:00  Probe  
  13  0:12  Probe  
  14  0:19  Pylon  
  14  0:24  Probe  
  15  0:37  Probe (Chrono Boost)  
  15  0:40  Gateway  
  16  0:48  Assimilator, Probe (Chrono Boost)  
  17  0:53  Probe (Chrono Boost)  
  18  1:03  Probe  
  19  1:15  Probe  
  19  1:17  Forge  
  20  1:29  Cybernetics Core  
  20  1:42  Pylon  
  20  1:43  Pylon  
  20  1:45  Pylon  
  20  1:54  Pylon  
  20  2:00  Photon Cannon  
  20  2:02  Pylon  
  20  2:15  Photon Cannon  
  20  2:22  Photon Cannon  
  20  2:23  Photon Cannon  
  20  2:25  Shield Battery  
  20  2:28  Shield Battery  
  20  2:32  Adept (Chrono Boost)  
  21  2:42  Stargate  
  21  2:54  Nexus  
  21  2:55  Probe  
  22  3:07  Probe  
  22  3:08  Assimilator  
  23  3:19  Warp Gate  
  25  3:20  Pylon  
  25  3:38  Adept  
  25  3:40  Pylon  
  25  3:46  Probe  
  23  3:57  Oracle (Chrono Boost)  
  23  4:00  Probe (Chrono Boost)  
  27  4:06  Probe (Chrono Boost)  
  28  4:10  Stalker  
  31  4:17  Probe (Chrono Boost)  
  31  4:19  Probe (Chrono Boost)  
  33  4:25  Probe (Chrono Boost)  
  33  4:29  Probe (Chrono Boost)  
  33  4:31  Probe (Chrono Boost)  
  34  4:37  Probe  
  36  4:40  Oracle  
  36  4:42  Probe  
  40  4:49  Probe  
  41  4:54  Probe  
  42  5:01  Probe  
  44  5:07  Probe (Chrono Boost)  
  44  5:13  Probe (Chrono Boost)  
  45  5:16  Pylon  
  46  5:24  Nexus, Probe (Chrono Boost)  
  46  5:27  Pylon  
  46  5:35  Adept, Probe (Chrono Boost)  
  50  5:39  Void Ray  
  50  5:40  Probe (Chrono Boost)  
  51  5:43  Probe (Chrono Boost)  
  51  5:47  Probe (Chrono Boost)  
  51  5:49  Probe  
  56  5:54  Shield Battery  
  57  5:58  Probe  
  57  6:01  Probe  
  59  6:09  Adept  
  62  6:12  Assimilator  
  62  6:16  Assimilator  
  62  6:18  Pylon, Probe  
  62  6:19  Pylon  
  62  6:20  Void Ray (Chrono Boost)  
  62  6:34  Pylon  
  62  6:36  Probe  
  62  6:38  Stalker  
  62  6:39  Probe  
  66  6:40  Probe  
  67  6:48  Probe  
  67  6:51  Stargate  
  67  6:52  Probe x2  
  70  6:56  Void Ray (Chrono Boost)  
  70  7:00  Probe  
  71  7:04  Probe  
  71  7:06  Shield Battery  
  71  7:07  Shield Battery  
  71  7:08  Sentry  
  78  7:11  Shield Battery  
  78  7:12  Shield Battery  
Tags
 
Add a new tag
Caveats
  • Supply blocks, unpowered buildings, or Contaminate may cause inaccurate times.
  • Supply counts are checked every 10 seconds.